Map: Eflorescencia EE

Players

TATORREA

  • Race: Protoss Protoss
  • League: Gold
  • Spawn Location: 12:00

MrFercho

  • Race: Zerg Zerg
  • League: Silver
  • Spawn Location: 3:00

Hellscythe - Winner!

  • Race: Terran Terran
  • League: Silver
  • Spawn Location: 6:00

Eltanin - Winner!

  • Race: Protoss Protoss
  • League: Platinum
  • Spawn Location: 9:00

VOD

Have the link to the VOD?

Description

Time

  • Played on: July 9, 2020, 9:50 p.m.
  • Length: 19:27
Show
View Real Time Build Order
Export as new Build Order

TATORREA Protoss 

Build Orders: Blink Stalkers 

Get SALT Encoding   

  12  0:01  Probe  
  13  0:14  Probe  
  14  0:20  Pylon  
  14  0:26  Probe  
  15  0:38  Probe  
  16  0:45  Gateway  
  16  0:46  Probe  
  16  0:48  Assimilator  
  16  0:54  Probe  
  17  1:03  Pylon  
  18  1:05  Probe  
  19  1:15  Assimilator  
  19  1:17  Probe  
  20  1:29  Probe  
  21  1:35  Cybernetics Core  
  21  1:37  Gateway  
  21  1:43  Zealot  
  23  1:48  Probe  
  24  2:02  Warp Gate  
  24  2:07  Gateway  
  24  2:16  Stalker  
  26  2:29  Twilight Council, Sentry  
  28  2:46  Stalker  
  30  2:58  Gateway  
  30  3:03  Blink  
  30  3:12  Pylon  
  30  3:18  Probe  
  31  3:30  Stalker  
  33  4:02  Pylon  
  33  4:11  Stalker x2  
  33  4:12  Stalker  
  39  4:25  Nexus  
  39  4:30  Probe, Pylon  
  40  4:47  Probe  
  40  4:50  Stalker x2  
  45  4:54  Sentry  
  45  4:56  Sentry  
  45  4:59  Probe  
  50  5:11  Probe  
  51  5:15  Stalker, Charge  
  51  5:17  Stalker  
  55  5:36  Probe  
  55  5:37  Probe  
  55  5:39  Pylon  
  57  5:48  Probe  
  57  5:49  Probe  
  59  5:55  Zealot  
  61  6:01  Probe x2  
  63  6:07  Stalker  
  63  6:10  Stalker  
  67  6:13  Probe x2  
  67  6:14  Zealot  
  71  6:25  Probe x2  
  72  6:32  Assimilator  
  73  6:36  Assimilator  
  73  6:37  Probe  
  73  6:38  Probe  
  75  6:41  Robotics Facility  
  75  6:49  Probe  
  75  6:50  Probe  
  43  7:10  Stalker x4  
  49  7:20  Probe x2  
  51  7:35  Gateway  
  51  7:37  Gateway  
  51  7:38  Probe x2  
  51  7:40  Gateway  
  51  7:41  Stalker  
  51  7:42  Stalker  
  51  7:43  Stalker  
  59  7:45  Pylon  
  59  7:47  Stalker  
  59  7:49  Pylon  
  61  7:51  Pylon  
  61  7:58  Immortal  
  65  8:09  Stalker x2  
  65  8:11  Zealot  
  71  8:14  Zealot  
  59  8:35  Stalker  
  59  8:36  Stalker x3  
  59  8:37  Stalker, Observer  
  60  8:43  Stalker  
  60  8:46  Zealot  
  56  9:19  Immortal  
  46  9:24  Stalker x4  
  46  9:25  Stalker x2  
  46  9:26  Stalker  
  56  9:42  Probe x2  
  56  9:52  Stalker x2  
  60  9:54  Probe x2  
  60  9:55  Stalker  
  64  10:06  Probe  
  57  10:44  Stalker  
  57  10:45  Stalker x4  
  67  10:51  Nexus  
  67  10:53  Pylon  
  67  10:54  Probe  
  67  10:55  Probe  
  67  10:56  Pylon  
  61  11:06  Probe  
  54  11:15  Observer  
  55  11:22  Stalker  
  55  11:23  Stalker x2  
  55  11:24  Probe  
  55  11:25  Probe  
  63  11:36  Probe, Immortal  
  63  11:37  Probe  
  69  11:49  Probe x2  
  69  11:53  Assimilator  
  71  12:00  Assimilator  
  71  12:11  Forge  
  71  12:12  Probe x2  
  71  12:13  Forge  
  71  12:14  Probe, Forge  
  74  12:16  Templar Archives  
  74  12:18  Protoss Ground Armor Level 1, Protoss Ground Weapons Level 1  
  74  12:19  Protoss Shields Level 1  
  74  12:24  Probe x2  
  74  12:26  Probe, Stalker  
  79  12:36  Stalker  
  79  12:37  Stalker  
  83  12:56  High Templar  
  83  12:57  High Templar x3  
  83  12:58  High Templar  
  93  13:00  High Templar  
  93  13:02  Archon  
  93  13:03  Archon  
  93  13:04  Archon  
  95  13:11  Stalker  
  97  13:26  Probe x2  
  97  13:27  Probe  
  100  13:29  Nexus  
  100  13:30  Pylon  
  100  13:33  Pylon  
  100  13:38  Probe x2  
  100  13:39  Probe  
  103  13:51  Stalker x4  
  103  13:52  Stalker x3  
  117  14:00  Probe x3  
  120  14:11  Protoss Ground Weapons Level 2, Protoss Ground Armor Level 2  
  120  14:12  Probe x3  
  120  14:16  Protoss Shields Level 2  
  123  14:21  Stalker x2  
  123  14:22  Stalker x3  
  123  14:24  Probe x3  
  136  14:39  Probe  
  136  14:40  Probe x2  
  139  14:48  Probe  
  139  14:52  Probe x2, Assimilator  
  142  14:55  Stalker  
  142  14:56  Stalker, Assimilator  
  142  14:57  Stalker  
  140  15:24  Probe  
  140  15:25  Probe x2  
  110  15:30  Stalker x4  
  110  15:31  Stalker x2  
  98  15:40  Assimilator, Nexus  
  98  15:44  Assimilator  
  98  15:45  Stalker  
  88  16:09  Gateway  
  88  16:11  Pylon  
  82  16:13  Gateway  
  82  16:14  Pylon  
  82  16:17  Pylon  
  82  16:19  Pylon  
  82  16:20  Pylon  
  82  16:23  Pylon  
  82  16:26  Stalker  
  82  16:27  Stalker x3  
  82  16:28  Stalker x3, Gateway  
  82  16:31  Gateway  
  89  16:34  Gateway  
  89  16:39  Probe x2  
  81  16:40  Probe x2  
  77  16:51  Probe  
  77  16:52  Probe, Stalker x4  
  82  16:55  Stalker  
  76  17:12  Stalker  
  76  17:14  Stalker  
  76  17:15  Stalker x3  
  84  17:16  Stalker  
  88  17:23  Stalker x3  
  80  17:41  Stalker x2  
  80  17:42  Stalker x3  
  80  17:43  Stalker x2  
  80  17:44  Stalker  
Show
View Real Time Build Order
Export as new Build Order

MrFercho Zerg 

Build Orders: Hatch First 

Get SALT Encoding   

  12  0:01  Drone  
  13  0:17  Overlord  
  13  0:18  Drone  
  14  0:35  Drone x2  
  16  0:54  Drone  
  17  0:57  Drone  
  17  0:59  Hatchery  
  17  1:01  Drone  
  18  1:10  Extractor  
  17  1:18  Spawning Pool  
  17  1:21  Drone  
  17  1:24  Drone  
  18  1:33  Drone  
  19  1:44  Drone  
  20  1:54  Drone  
  21  2:08  Overlord  
  21  2:10  Queen  
  21  2:12  Queen  
  21  2:14  Overlord  
  25  2:16  Metabolic Boost  
  25  2:20  Drone  
  26  2:23  Drone  
  26  2:27  Drone  
  28  2:32  Drone  
  29  2:39  Drone  
  29  2:43  Drone  
  31  2:48  Drone  
  32  2:55  Drone  
  33  2:58  Drone  
  33  3:04  Overlord  
  34  3:11  Overlord  
  34  3:23  Drone  
  34  3:24  Drone x4  
  39  3:39  Zergling x8  
  43  3:56  Zergling x2  
  43  3:57  Zergling x14  
  51  4:09  Hatchery  
  50  4:12  Drone x3  
  53  4:22  Evolution Chamber  
  52  4:25  Baneling Nest  
  52  4:26  Drone x2  
  53  4:33  Queen  
  55  4:40  Overlord x2  
  55  4:41  Overlord x2  
  55  4:42  Overlord  
  55  4:48  Zerg Melee Weapons Level 1  
  55  5:00  Drone  
  55  5:05  Drone  
  55  5:06  Drone x6  
  63  5:48  Spore Crawler  
  62  5:50  Spore Crawler  
  62  5:51  Zergling x2  
  62  5:52  Zergling x16  
  70  5:58  Overlord  
  70  6:04  Pneumatized Carapace  
  70  6:21  Spore Crawler  
  62  6:46  Zergling x2  
  62  6:47  Zergling x34  
  67  7:14  Lair  
  67  7:18  Extractor  
  49  7:54  Zergling x22  
  49  7:55  Zergling x20  
  68  8:02  Hatchery  
  68  8:04  Hatchery  
  66  8:10  Zerg Ground Armor Level 1  
  44  8:33  Zergling x4  
  44  8:34  Zergling x30  
  54  8:45  Zergling x2  
  54  8:46  Zergling x10  
  60  8:55  Extractor  
  59  8:56  Baneling x7  
  59  8:57  Baneling x10  
  59  8:59  Zergling x4  
  59  9:02  Baneling x5  
  61  9:19  Drone x7  
  68  9:31  Hatchery  
  43  10:14  Zergling x2  
  43  10:15  Zergling x14  
  43  10:17  Centrifical Hooks  
  51  10:29  Extractor  
  50  10:44  Hydralisk Den  
  50  10:48  Drone x3  
  50  10:49  Drone  
  53  10:51  Drone x3  
  53  10:56  Drone x2  
  53  10:57  Drone x3  
  61  11:04  Hatchery  
  61  11:05  Extractor  
  61  11:07  Extractor  
  61  11:08  Queen  
  60  11:11  Drone  
  60  11:12  Drone x11  
  72  11:19  Muscular Augments  
  72  11:27  Overseer x3  
  72  11:35  Zergling x6  
  72  11:36  Zergling x22  
  86  11:43  Zerg Melee Weapons Level 2  
  86  11:47  Evolution Chamber  
  86  11:51  Spore Crawler  
  84  11:57  Spine Crawler  
  84  11:58  Spine Crawler  
  82  12:14  Zergling x28  
  96  12:17  Baneling x15  
  96  12:18  Overlord x3  
  96  12:31  Grooved Spines  
  96  12:37  Zerg Ground Armor Level 2  
  96  12:48  Infestation Pit  
  95  12:54  Hatchery  
  95  12:58  Hydralisk x6  
  106  13:14  Drone x12  
  106  13:15  Drone x2  
  120  13:30  Hatchery  
  119  13:35  Extractor x2  
  117  13:41  Hydralisk x4  
  117  13:46  Overlord x3  
  117  13:47  Overlord x3  
  125  14:06  Drone x10  
  135  14:16  Hydralisk  
  135  14:17  Hydralisk x3  
  143  14:32  Hive  
  143  14:49  Spore Crawler  
  142  14:56  Spine Crawler  
  142  14:57  Zergling x20, Spine Crawler  
  142  14:58  Zergling x16  
  108  15:34  Hydralisk x18  
  108  15:35  Hydralisk x2  
  142  15:37  Baneling  
  142  15:38  Baneling x6  
  142  15:39  Baneling  
  120  15:57  Hydralisk  
  120  15:58  Hydralisk x9  
  120  16:03  Zergling x8  
  144  16:04  Zergling x2  
  126  16:28  Lurker Den  
  125  16:33  Spire  
  73  17:36  Hydralisk x14  
  73  17:37  Hydralisk  
  68  17:50  Adaptive Talons  
  62  18:15  Lurker x3  
  62  18:16  Lurker  
  66  18:23  Lurker x4  
  70  18:28  Lurker  
  70  18:30  Lurker x4  
  70  18:31  Lurker x2  
Show
View Real Time Build Order
Export as new Build Order

Hellscythe Terran - Winner!

Build Orders:  

Get SALT Encoding   

  12  0:02  SCV  
  13  0:23  SCV, Supply Depot  
  14  0:36  SCV  
  15  0:48  SCV, Barracks  
  16  0:54  Supply Depot  
  16  1:00  SCV  
  17  1:04  Refinery  
  17  1:21  SCV  
  18  1:34  SCV  
  19  1:44  Command Center  
  19  1:46  SCV  
  20  1:54  Barracks Tech Lab  
  20  2:05  SCV, Refinery  
  21  2:16  Marine  
  21  2:22  SCV  
  23  2:34  SCV, Marine  
  23  2:35  Factory  
  25  2:46  SCV  
  26  2:52  Marine  
  26  2:57  Orbital Command  
  27  3:04  Supply Depot  
  27  3:08  SCV  
  28  3:21  Starport  
  28  3:23  Factory Tech Lab  
  28  3:24  Marine  
  29  3:27  SCV  
  30  3:35  Engineering Bay  
  30  3:39  SCV  
  31  3:42  Orbital Command  
  31  3:47  Reaper  
  32  3:51  SCV  
  33  3:59  Viking  
  35  4:03  SCV  
  35  4:04  Barracks  
  36  4:13  Siege Tank  
  36  4:15  SCV  
  40  4:28  SCV  
  40  4:31  Supply Depot  
  41  4:39  Medivac  
  41  4:40  SCV  
  41  4:41  Terran Infantry Weapons Level 1  
  43  4:55  SCV  
  44  5:00  Siege Tank  
  44  5:07  SCV  
  48  5:09  Barracks Reactor  
  48  5:11  Supply Depot  
  48  5:19  SCV  
  49  5:31  SCV  
  49  5:32  Siege Tank  
  53  5:42  Marine  
  54  5:43  SCV  
  55  5:55  SCV  
  56  6:00  Marine  
  57  6:07  SCV  
  58  6:12  Marine  
  58  6:13  Marine  
  58  6:18  Supply Depot, Marine  
  61  6:19  SCV  
  61  6:20  Supply Depot  
  62  6:30  Marine  
  62  6:31  Marine  
  64  6:35  Marine  
  65  6:48  Marine x2  
  65  6:53  Marine  
  66  6:55  Stimpack  
  60  7:06  Marine x2  
  61  7:11  Marine  
  61  7:13  Siege Tank  
  65  7:21  Liberator  
  68  7:24  Marine x2  
  68  7:29  Supply Depot, Marine  
  71  7:41  Marine  
  71  7:42  Marine  
  73  7:47  Marine  
  74  7:53  Supply Depot  
  74  7:59  Marine  
  74  8:00  Marine  
  74  8:01  Refinery  
  74  8:02  Refinery  
  74  8:04  Marine, Liberator  
  80  8:17  Marine x2  
  80  8:18  Command Center  
  81  8:22  Marine  
  68  8:35  Marine x2  
  68  8:40  Marine  
  71  8:43  SCV  
  72  8:53  Marine x2  
  74  8:55  SCV  
  74  8:58  Marine  
  76  9:08  SCV  
  74  9:10  Marine  
  74  9:11  Supply Depot, Marine  
  74  9:16  Marine  
  77  9:20  SCV  
  78  9:32  SCV  
  78  9:34  Marine  
  60  10:19  Marine x3  
  63  10:27  Barracks  
  61  10:29  Supply Depot  
  58  10:36  Marine  
  58  10:37  Planetary Fortress, Marine x2  
  61  10:54  Marine  
  61  10:55  Marine x2  
  64  11:12  Marine x3  
  64  11:13  Siege Tank  
  64  11:16  Supply Depot  
  64  11:17  Terran Infantry Armor Level 1  
  70  11:26  Engineering Bay  
  70  11:29  Missile Turret  
  70  11:30  Marine x3  
  73  11:45  Siege Tank  
  76  11:48  Marine x3  
  76  11:52  Barracks Reactor  
  76  11:53  Missile Turret  
  79  11:54  Barracks  
  79  12:04  SCV x3, Factory  
  79  12:06  Marine  
  83  12:08  Refinery  
  83  12:10  Refinery  
  83  12:15  Missile Turret  
  83  12:16  SCV x3  
  83  12:17  Siege Tank  
  89  12:27  Medivac  
  91  12:40  SCV x3  
  91  12:44  Barracks Reactor  
  94  12:49  Siege Tank  
  97  12:57  Medivac, Command Center  
  99  12:59  Armory  
  99  13:08  Factory Tech Lab  
  99  13:09  Factory  
  99  13:20  Refinery  
  99  13:27  Medivac  
  101  13:46  Marine x7  
  108  13:56  Hellbat x3  
  108  14:01  Supply Depot  
  114  14:03  Marine  
  114  14:04  Marine x6  
  114  14:06  Terran Vehicle Weapons Level 1  
  114  14:08  Supply Depot  
  114  14:09  Terran Infantry Weapons Level 2  
  121  14:17  Hellbat  
  121  14:18  Hellbat x2  
  121  14:21  Marine  
  121  14:22  Marine x6  
  134  14:24  SCV  
  134  14:29  Planetary Fortress  
  135  14:36  SCV  
  136  14:39  Hellbat x3, Marine x3  
  136  14:40  Marine x4  
  136  14:44  Supply Depot  
  149  14:48  SCV  
  150  14:57  Marine x4  
  154  15:00  SCV, Hellbat  
  157  15:13  SCV  
  80  15:45  Marine  
  81  15:50  Thor x2  
  81  15:54  Marauder  
  95  15:59  Refinery  
  95  16:10  Factory Tech Lab  
  95  16:15  Marauder  
  95  16:16  Marine x6  
  103  16:24  Terran Infantry Armor Level 2  
  103  16:33  Marine, Thor x2  
  103  16:34  Marine x5  
  103  16:37  Marauder, Refinery  
  123  16:51  Marine  
  123  16:52  Marine x5  
  129  16:58  Marauder  
  131  17:09  Marine x2  
  131  17:10  Marine x4  
  137  17:16  Thor  
  137  17:19  Marauder  
  145  17:27  Marine x6  
  149  17:40  Marine  
  145  17:45  Marine x6  
  151  17:58  Marine  
  152  18:16  Marine  
  153  18:22  Thor x3  
  153  18:25  Marine  
  153  18:26  Marine x5  
  177  18:34  Marine  
  178  18:43  Marine  
  178  18:44  Marine  
  180  19:04  Marine  
  180  19:06  Marine x6  
Show
View Real Time Build Order
Export as new Build Order

Eltanin Protoss - Winner!

Build Orders:  

Get SALT Encoding   

  12  0:01  Probe  
  13  0:13  Probe  
  14  0:18  Pylon  
  14  0:25  Probe  
  15  0:37  Probe, Gateway  
  16  0:45  Probe  
  17  0:55  Probe, Assimilator  
  18  1:07  Probe  
  18  1:11  Pylon  
  19  1:19  Pylon  
  19  1:25  Cybernetics Core  
  19  1:27  Probe  
  20  1:42  Assimilator  
  20  1:54  Probe  
  20  1:59  Stalker  
  22  2:15  Warp Gate  
  22  2:22  Nexus  
  22  2:23  Probe, Pylon  
  23  2:35  Probe  
  24  2:38  Pylon  
  24  2:47  Probe  
  25  2:58  Robotics Facility  
  25  2:59  Probe, Stalker  
  28  3:12  Probe  
  29  3:14  Gateway  
  29  3:23  Gateway  
  29  3:33  Probe, Gateway  
  29  3:40  Observer  
  30  3:45  Pylon  
  31  3:57  Probe  
  31  3:59  Probe  
  33  4:03  Shield Battery  
  33  4:07  Sentry  
  33  4:09  Probe, Immortal  
  36  4:11  Probe  
  41  4:30  Stalker  
  43  4:33  Stalker  
  45  4:39  Probe x2  
  47  4:50  Twilight Council, Immortal  
  47  4:51  Probe  
  52  5:15  Stargate  
  52  5:22  Forge  
  52  5:23  Probe, Pylon  
  52  5:24  Probe  
  52  5:26  Pylon  
  54  5:51  Protoss Ground Weapons Level 1  
  54  5:52  Zealot x3  
  54  5:53  Stalker  
  62  5:58  Shield Battery  
  62  6:02  Pylon  
  62  6:05  Phoenix  
  62  6:09  Charge  
  64  6:15  Assimilator  
  64  6:19  Assimilator  
  64  6:31  Stalker  
  61  6:44  Probe x2  
  53  6:56  Probe x2  
  53  6:57  Zealot x2  
  53  6:58  Zealot x2  
  55  7:17  Probe  
  56  7:25  Probe  
  57  7:33  Probe  
  57  7:37  Stalker x3  
  57  7:38  Stalker  
  66  7:45  Probe  
  67  8:02  Shield Battery  
  67  8:07  Probe, Shield Battery  
  67  8:08  Probe  
  69  8:19  Probe  
  70  8:20  Probe  
  71  8:31  Probe  
  71  8:32  Probe  
  61  8:38  Nexus  
  61  8:40  Pylon  
  61  8:44  Pylon  
  59  8:58  Probe  
  60  9:03  Probe  
  60  9:06  Probe  
  61  9:16  Probe x2  
  57  9:20  Stalker  
  60  9:24  Assimilator  
  60  9:28  Probe x2  
  62  9:40  Probe x2  
  64  9:52  Probe x2  
  60  10:09  Stalker x2  
  60  10:10  Stalker x2  
  60  10:13  Probe x2  
  68  10:16  Probe, Robotics Bay  
  68  10:21  Probe x2  
  67  10:28  Probe  
  67  10:30  Probe  
  67  10:32  Immortal, Stalker  
  67  10:34  Probe, Stalker x3  
  73  10:38  Shield Battery  
  73  10:39  Shield Battery  
  78  10:46  Probe  
  73  11:13  Stalker x3  
  73  11:14  Colossus  
  85  11:27  Extended Thermal Lance  
  85  11:30  Assimilator  
  85  11:31  Zealot  
  87  11:34  Assimilator  
  87  11:43  Gateway  
  87  11:45  Probe, Gateway  
  87  11:47  Zealot x3  
  87  11:48  Gateway  
  87  11:51  Probe x2, Gateway  
  87  11:53  Probe, Gateway  
  96  11:54  Pylon  
  96  11:55  Gateway  
  96  11:59  Colossus  
  97  12:03  Probe x3  
  100  12:13  Nexus  
  100  12:14  Pylon, Blink  
  100  12:15  Probe x2  
  108  12:16  Protoss Ground Weapons Level 2  
  108  12:21  Zealot x2  
  112  12:23  Sentry  
  112  12:24  Sentry  
  116  12:34  Oracle, Pylon  
  119  12:40  Zealot  
  119  12:43  Zealot x2, Colossus  
  131  13:00  Shield Battery  
  131  13:02  Shield Battery, Photon Cannon  
  131  13:28  Phoenix  
  131  13:31  Zealot  
  131  13:32  Zealot x3  
  131  13:33  Stalker x4  
  149  14:04  Immortal  
  149  14:12  Zealot  
  149  14:13  Zealot x3  
  161  14:28  Assimilator  
  161  14:31  Pylon, Zealot  
  161  14:33  Assimilator  
  161  14:37  Pylon  
  163  14:42  Fleet Beacon  
  163  14:54  Zealot x3  
  169  15:08  Stalker x2  
  169  15:09  Stalker  
  169  15:10  Stalker x2  
  173  15:23  Zealot x2  
  173  15:24  Zealot x3  
  158  15:54  Colossus  
  144  16:08  Zealot x6  
  144  16:09  Zealot x3  
  162  16:40  Zealot x4  
  162  16:41  Zealot x3  
  160  17:00  Zealot  
  160  17:01  Zealot x5  
  157  17:02  Zealot  
  141  17:26  Zealot x2  
  141  17:27  Zealot x5  
  141  17:28  Zealot x2  
  135  17:36  Colossus  
  135  17:38  Stalker  
  137  17:52  Zealot x5  
  137  17:53  Zealot x2  
  137  17:54  Stalker x2  
  153  18:11  Stalker  
  155  18:23  Probe  
  155  18:24  Probe x3  
  155  18:25  Stalker x3  
  155  18:26  Stalker x5  
  155  18:27  Stalker  
  177  18:36  Probe  
  177  18:41  Pylon  
  178  18:45  Pylon  
  184  19:03  Stalker x6  
Tags
 
Add a new tag
Caveats
  • Supply blocks, unpowered buildings, or Contaminate may cause inaccurate times.
  • Supply counts are checked every 10 seconds.